 Dungeon Crawl Stone Soup version 0.29.0-15-g675c0067aa (webtiles) character file.

Game seed: 15194301882786028179

116 EvilAshe the Trooper (level 5, -1/42 HPs)
             Began as a Formicid Abyssal Knight on Sept 11, 2022.
             Was a Priest of Lugonu.
             Slain by an iguana (9 damage)
             ... on level 3 of the Dungeon.
             The game lasted 00:08:47 (2632 turns).

EvilAshe the Trooper (Formicid Abyssal Knight)      Turns: 2632, Time: 00:08:48

Health: -1/42      AC: 22    Str: 21    XL:     5   Next: 21%
Magic:  7/7        EV:  6    Int: 10    God:    Lugonu [***...]
Gold:   111        SH:  0    Dex: 14    Spells: 4/4 levels left

rFire   . . .      SeeInvis +   a - +1 hand axe
rCold   . . .      Faith    .   (no shield)
rNeg    . . .      Spirit   .   n - +9 plate armour "Ritreov" {Str+2}
rPois   .          Reflect  .   (helmet unavailable)
rElec   .          Harm     .   q - +1 cloak
rCorr   .          Rampage  .   (no gloves)
Will    .....                   (no boots)
Stlth   ..........              (no amulet)
HPRegen 0.14/turn               (no ring)
MPRegen 0.10/turn               (no ring)

@: no status effects
A: permanent stasis, dig shafts and tunnels, antennae 3, four strong arms
a: Dig, Shaft Self, Renounce Religion, Depart the Abyss, Bend Space, Banish


You were on level 3 of the Dungeon.
You worshipped Lugonu.
Lugonu was most pleased with you.
You visited 1 branch of the dungeon, and saw 4 of its levels.
You visited the Abyss 1 time.

You collected 111 gold pieces.

Inventory:

Hand Weapons
 a - a +1 hand axe (weapon)
Missiles
 i - 4 boomerangs (quivered)
Armour
 n - the +9 plate armour "Ritreov" (worn) {Str+2}
   (You took it off a kobold on level 2 of the Dungeon)

   Str:       It affects your strength (+2).
 q - a +1 cloak (worn)
Jewellery
 t - an amulet of reflection
Scrolls
 e - a scroll of poison
 g - 2 scrolls of amnesia
 j - a scroll of enchant armour {unknown}
 l - a scroll of vulnerability {unknown}
 m - a scroll of torment {unknown}
 r - a scroll of enchant weapon {unknown}
Potions
 b - a potion of resistance {unknown}
 c - 2 potions of heal wounds {unknown}
 d - a potion of brilliance {unknown}
 f - a potion of curing {unknown}
 h - a potion of mutation {unknown}
 k - a potion of berserk rage {unknown}
 o - a potion of ambrosia {unknown}
 p - a potion of attraction {unknown}
 s - a potion of degeneration {unknown}
 u - a potion of might {unknown}


   Skills:
 + Level 4.1 Fighting
 * Level 3.7 Axes
 + Level 2.4 Armour
 - Level 0.8 Dodging
 + Level 3.4 Invocations


You had 4 spell levels left.
You didn't know any spells.
Your spell library contained the following spells:

 Spells                   Type           Power      Damage    Failure   Level
 Lesser Beckoning         Tloc           0%         N/A       100%        3
 Manifold Assault         Tloc           0%         N/A       100%        5
 Blink                    Tloc           Unusable   N/A       N/A         2

Dungeon Overview and Level Annotations

Branches:
Dungeon (4/15)
 Temple: D:4-7

Altars:
Uskayaw

Shops:
D:4 [

Annotations:
D:4 Sigmund


Innate Abilities, Weirdness & Mutations

You cannot be hasted, slowed, berserked, paralysed or teleported.
You can dig through walls and to a lower floor.
You have a pair of large antennae on your head. (SInv)
Your four strong arms can wield two-handed weapons with a shield.


Message History

The iguana attacks as you move away!
The iguana bites you but does no damage.
The iguana attacks as you move away! The iguana bites you!
The iguana attacks as you move away!
The iguana bites you but does no damage.
The iguana attacks as you move away!
The iguana bites you but does no damage.
The iguana attacks as you move away! The iguana closely misses you.
The iguana attacks as you move away! The iguana closely misses you.
The iguana attacks as you move away!
The iguana bites you but does no damage.
The iguana attacks as you move away! The iguana barely misses you.
The iguana attacks as you move away! The iguana bites you!
The iguana attacks as you move away! The iguana barely misses you.
The iguana attacks as you move away!
The iguana bites you but does no damage.
The iguana attacks as you move away!
The iguana bites you but does no damage.
The iguana attacks as you move away!
The iguana bites you but does no damage.
The iguana attacks as you move away!
The iguana bites you but does no damage.
The iguana attacks as you move away! The iguana bites you.
* * * LOW HITPOINT WARNING * * *
The iguana attacks as you move away! The iguana bites you.
* * * LOW HITPOINT WARNING * * *
The iguana attacks as you move away!
The iguana bites you but does no damage.
The iguana attacks as you move away!
The iguana bites you but does no damage.
The iguana attacks as you move away!
The iguana bites you but does no damage.
The iguana attacks as you move away!
The iguana bites you but does no damage.
The iguana attacks as you move away!
The iguana bites you but does no damage.
The iguana attacks as you move away! The iguana bites you.
* * * LOW HITPOINT WARNING * * *
The iguana attacks as you move away! The iguana bites you!
You die...

##### ##<..## ##....>## #....)..#
############
#####.......##########...........
.....[.......................####
##.##......########........[.####
............#######..............
##..............@l...........##..
#...#........###########..#####..
#.#.........## #..######..
#[###.#...#.# #..###.....
..##...####.# #.......#..
####...###..###########.#..#..#..
# #...##..##................##..
# #...##.##..#######.####.......
####.........## ###...# ##.....##


You could see an iguana.

Vanquished Creatures
  2 gnolls
  5 adders
  2 worms
  A dart slug (D:2)
  An orc (D:3)
  8 endoplasms
  A giant cockroach (D:1)
  6 goblins
  2 hobgoblins (D:1)
  4 kobolds
  2 quokkas
  3 ball pythons
  4 frilled lizards
  2 rats
43 creatures vanquished.

Notes
Turn   | Place    | Note
-------+----------+-------------------------------------------
     0 | Abyss:1  | EvilAshe the Formicid Abyssal Knight began the quest for
                  | the Orb.
     0 | Abyss:1  | Reached XP level 1. HP: 18/18 MP: 2/2
     1 | D:1      | Escaped the Abyss
   100 | D:1      | Found a faded altar of an unknown god.
   233 | D:1      | Reached XP level 2. HP: 22/24 MP: 3/3
  1137 | D:2      | Reached XP level 3. HP: 29/29 MP: 4/4
  1249 | D:2      | Identified the +9 plate armour "Ritreov" {Str+2}
  1695 | D:2      | Reached XP level 4. HP: 37/37 MP: 6/6
  1861 | D:2      | Reached *** piety under Lugonu
  2021 | D:3      | Reached skill level 4 in Fighting
  2143 | D:3      | Found a hide-covered altar of Uskayaw.
  2439 | D:4      | Noticed Sigmund
  2464 | D:4      | Found Sigoaq's Antique Armour Emporium.
  2520 | D:4      | Reached XP level 5. HP: 42/42 MP: 7/7
  2632 | D:3      | Slain by an iguana

Illustrated notes

Levels and vault maps discovered:
D:1:      lightli_iron_boxes, layout_basic, shapermc_ecumenical_altar_venn
D:2:      layout_basic
D:3:      layout_rooms, mainiacjoe_overflow_catwalk
D:4:      layout_loops_ring, serial_shops, nicolae_square_shop,
          ebering_ghost_rock_garden, bh_walls_and_bars, uniq_sigmund

Skill      XL: |  1  2  3  4 |
---------------+-------------+-----
Axes           | 3 |  3.7
Invocations    | 3 |  3.4
Fighting       | 4 |  4.1
Armour         | |  2.4
Dodging        | |  0.8

Action                   |  1- 3 |  4- 6 || total
-------------------------+-------+-------++-------
Melee: Hand axe          |    73 |    62 ||   135
       Punch             |     1 |       ||     1
Throw: Boomerang         |     3 |    10 ||    13
  Use: Scroll            |       |     2 ||     2
Armor: Chain mail        |    35 |       ||    35
       Plate armour      |     5 |    51 ||    56
Dodge: Dodged            |    24 |    20 ||    44
